 Dungeon Crawl Stone Soup version 0.24.0-13-gcf9b319 (webtiles) character file.

Game seed: 3565330146233456129, levelgen mode: deterministic

16 Blumpo the Magician (level 2, 0/19 HPs)
             Began as a Human Wizard on Jan 17, 2020.
             Slain by a goblin
             ... wielding a +0 club
              (3 damage)
             ... on level 1 of the Dungeon.
             The game lasted 00:04:59 (366 turns).

Blumpo the Magician (Human Wizard)                   Turns: 366, Time: 00:04:59

Health: 0/19       AC:  2    Str:  7    XL:     2   Next: 70%
Magic:  4/6        EV: 12    Int: 18    God:
Gold:   0          SH:  0    Dex: 11    Spells: 5/8 levels left

rFire    . . .     SeeInvis .   c - +0 dagger
rCold    . . .     Gourm    .   (no shield)
rNeg     . . .     Faith    .   a - +0 robe
rPois    .         Spirit   .   b - +0 hat
rElec    .         Reflect  .   (no cloak)
rCorr    .         Harm     .   (no gloves)
MR       .....                  (no boots)
Stlth    ++........             (no amulet)
HPRegen  0.06/turn              (no ring)
MPRegen  0.10/turn              (no ring)

@: no status effects
A: no striking features
a: no special abilities


You were on level 1 of the Dungeon.
You were not hungry.

You visited 1 branch of the dungeon, and saw 1 of its levels.

Inventory:

Hand Weapons
 c - a +0 dagger (weapon)
Missiles
 h - a stone (quivered)
 i - 23 arrows
Armour
 a - a +0 robe (worn)
 b - a +0 hat (worn)
Scrolls
 e - a scroll of remove curse {unknown}
 g - a scroll of teleportation {unknown}
Potions
 f - a potion of curing {unknown}
Comestibles
 d - 2 rations


   Skills:
 + Level 0.2 Short Blades
 + Level 2.0 Dodging
 + Level 2.0 Stealth
 + Level 3.6 Spellcasting
 + Level 1.0 Conjurations
 + Level 1.0 Summonings
   Level 1.0 Translocations


You had 5 spell levels left.
You knew the following spells:

 Your Spells              Type           Power        Failure   Level  Hunger
a - Magic Dart            Conj           #...         10%         1    None
b - Call Imp              Summ           #.......     16%         2    ##.....

Your spell library contained the following spells:

 Spells                   Type           Power        Failure   Level  Hunger
 Blink                    Tloc           N/A          16%         2    ##.....
 Slow                     Hex            #.......     22%         2    ##.....
 Conjure Flame            Conj/Fire      #.......     36%         3    ###....
 Mephitic Cloud           Conj/Pois/Air  #.......     36%         3    ###....


Dungeon Overview and Level Annotations

Branches:
Dungeon (1/15)

Altars:


Message History

The hobgoblin is almost dead.
The hobgoblin hits you but does no damage.
You completely miss the hobgoblin.
The hobgoblin is almost dead.
You hit the hobgoblin but do no damage.
The hobgoblin is almost dead.
The hobgoblin barely misses you.
Casting: Magic Dart (safe; 10% risk of failure)
Confirm with . or Enter, or press ? or * to list all spells.
A metallic apparition takes form in the air.
The hobgoblin closely misses you.
Your iron imp hits the hobgoblin!
The hobgoblin dies!
Your iron imp barely misses the frilled lizard.
You see here a bat corpse.
Your magical contamination has completely faded away.
You see here a giant cockroach corpse.
Your iron imp disappears in a puff of smoke!
The goblin hits you with a +0 club.
You die...

#..........#####.......
######..........##..........
#...........######........#
#...........# #....(...#
#...........# #........##
#...........######..........
#...............##......((..
########....gl..§††......)..
#...@....##..........
#........###....#....
#........# #....#.#..
#........# ######.#..
#........# #.#.. #........#
#.#.. #........# #.#..
#........# #.. ###.#.####
###


You could see a goblin and a frilled lizard.

Vanquished Creatures
  A dart slug (D:1)
  3 goblins (D:1)
  2 hobgoblins (D:1)
  A rat (D:1)
7 creatures vanquished.

Vanquished Creatures (collateral kills)
  2 bats (D:1)
  A giant cockroach (D:1)
  A hobgoblin (D:1)
  2 kobolds (D:1)
6 creatures vanquished.

Grand Total: 13 creatures vanquished

Notes
Turn   | Place    | Note
-------+----------+-------------------------------------------
     0 | D:1      | Blumpo the Human Wizard began the quest for the Orb.
     0 | D:1      | Reached XP level 1. HP: 13/13 MP: 4/4
   164 | D:1      | Reached XP level 2. HP: 19/19 MP: 1/6
   220 | D:1      | Learned a level 2 spell: Call Imp
   366 | D:1      | Slain by a goblin

Levels and vault maps discovered:
D:1:      minmay_arrival_up_and_down, layout_basic

Action                   || total
-------------------------++-------
Melee: Dagger            ||    28
       Unarmed           ||     1
 Cast: Magic Dart        ||    13
       Call Imp          ||     2
Armor: Robe              ||     5
Dodge: Dodged            ||    19
